 Dungeon Crawl Stone Soup version 0.22-a0-757-gdba82d8 (webtiles) character file.

91995 sking99 the Bludgeoner (level 15, -2/115 HPs)
             Began as a Demonspawn Fighter on July 16, 2018.
             Was an Initiate of Gozag.
             Killed by divine providence
             ... invoked by a meliai
              (10 damage)
             ... on level 14 of the Dungeon.
             The game lasted 01:08:53 (33477 turns).

sking99 the Bludgeoner (Demonspawn Fighter)        Turns: 33477, Time: 01:08:54

Health: -2/115     AC: 41    Str: 19    XL:     15   Next: 56%
Magic:  20/20      EV: 10    Int: 10    God:    Gozag
Gold:   1195       SH: 16    Dex: 29    Spells: 14/14 levels left

rFire    . . .     SeeInvis .   K - +0 morningstar
rCold    + . .     Gourm    .   c - +1 shield
rNeg     . . .     Faith    .   b - +13 crystal plate armour of Untruth {MR+ Dex+2 Slay+3}
rPois    .         Spirit   .   (helmet unavailable)
rElec    .         Reflect  .   M - +2 cloak {rC+}
rCorr    .         Harm     .   E - +0 pair of gloves
MR       +++..                  (no boots)
Stlth    ..........             O - amulet of regeneration
HPRegen  0.69/turn              R - +6 ring of dexterity
MPRegen  0.17/turn              L - ring of protection from magic

@: agile, gold aura, flying, hasted, very quick
A: horns 3, molten scales 2, nightstalker 1, powered by pain 2
a: Potion Petition, Call Merchant, Bribe Branch, Renounce Religion


You were on level 14 of the Dungeon.
You worshipped Gozag.
Gozag was most pleased with you.
You were not hungry.

You visited 4 branches of the dungeon, and saw 23 of its levels.
You also visited: Sewer, Ossuary and Ice Cave.

You collected 8082 gold pieces.
You spent 2329 gold pieces at shops.
You paid 4558 gold pieces to Gozag.

Inventory:

Hand Weapons
 a - a +1 flail of crushing
 K - a +0 morningstar (weapon)
Armour
 b - the +13 crystal plate armour of Untruth (worn) {MR+ Dex+2 Slay+3}
   (You bought it in a shop on level 2 of the Orcish Mines)

   It affects your dexterity (+2).
   It affects your accuracy and damage with ranged weapons and melee attacks
   (+3).
   It affects your resistance to hostile enchantments.
 c - a +1 shield (worn)
 E - a +0 pair of gloves (worn)
 M - a +2 cloak of cold resistance (worn)
Jewellery
 g - an uncursed ring of see invisible
 i - an uncursed ring of stealth
 t - an uncursed amulet of the gourmand
 A - an uncursed ring of ice
 J - an uncursed amulet of the acrobat
 L - a ring of protection from magic (right hand)
 N - a +4 ring of dexterity
 O - an amulet of regeneration (around neck)
 R - a +6 ring of dexterity (left hand)
 S - an uncursed ring of flight
Wands
 s - a wand of enslavement (8)
 y - a wand of acid (15)
 D - a wand of clouds (1)
 G - a wand of disintegration (13)
 I - a wand of paralysis (50)
 P - a wand of digging (16)
 Q - a wand of random effects (18)
 V - a wand of polymorph (12)
Scrolls
 e - 8 scrolls of enchant weapon
 k - 2 scrolls of magic mapping
 n - 11 scrolls of amnesia
 p - 13 scrolls of remove curse
 r - 4 scrolls of enchant armour
 u - 3 scrolls of immolation
 v - 3 scrolls of teleportation
 F - 4 scrolls of blinking
 U - a scroll of fog
 W - a scroll of fear
 X - 3 scrolls of identify
Potions
 d - 5 potions of might
 h - a potion of magic
 j - 2 potions of lignification
 l - 5 potions of heal wounds
 m - 4 potions of agility
 o - 4 potions of ambrosia
 q - 2 potions of berserk rage
 w - 6 potions of mutation
 x - 7 potions of flight
 z - 8 potions of curing
 B - 3 potions of brilliance
 C - 2 potions of resistance {unknown}
 H - 4 potions of haste
 T - a potion of invisibility
Comestibles
 f - 28 rations


   Skills:
 - Level 10.0 Fighting
 - Level 16.0 Maces & Flails
 - Level 10.2 Armour
 + Level 3.4 Dodging
 + Level 13.4 Shields
 + Level 7.0 Evocations


You had 14 spell levels left.
You didn't know any spells.
Your spell library contained the following spells:

 Spells                   Type           Power        Failure   Level  Hunger
 Cause Fear               Hex            #.........   100%        4    #####..
 Bolt of Cold             Conj/Ice       #.........   100%        6    #######
 Bolt of Magma            Conj/Fire/Erth #.........   100%        5    ######.
 Slow                     Hex            #.......     100%        2    ###....
 Freezing Cloud           Conj/Ice/Air   #.........   100%        6    #######
 Animate Dead             Necr           N/A          100%        4    #####..
 Pain                     Necr           #...         100%        1    ##.....
 Animate Skeleton         Necr           N/A          100%        1    ##.....
 Vampiric Draining        Necr           #.........   100%        3    ####...
 Ozocubu's Refrigeration  Ice            #.........   100%        6    #######
 Regeneration             Chrm/Necr      #.........   100%        3    ####...
 Iron Shot                Conj/Erth      #.........   100%        6    #######
 Recall                   Summ/Tloc      N/A          100%        3    ####...
 Spider Form              Tmut/Pois      #.........   100%        3    ####...
 Blade Hands              Tmut           #.........   100%        5    ######.
 Statue Form              Tmut/Erth      #........    100%        6    #######
 Ice Form                 Ice/Tmut       #.......     100%        4    #####..
 Death Channel            Necr           #.........   100%        6    #######
 Sticks to Snakes         Tmut           #.......     100%        2    ###....
 Metabolic Englaciation   Hex/Ice        #.........   100%        5    ######.
 Shatter                  Erth           #.........   100%        9    #######
 Corona                   Hex            #......      100%        1    ##.....
 Simulacrum               Ice/Necr       #.........   100%        6    #######
 Portal Projectile        Hex/Tloc       #.....       100%        3    ####...
 Leda's Liquefaction      Hex/Erth       #.........   100%        4    #####..
 Inner Flame              Hex/Fire       #.......     100%        3    ####...
 Beastly Appendage        Tmut           #.....       100%        1    ##.....
 Borgnjor's Vile Clutch   Necr/Erth      #.........   100%        5    ######.


Dungeon Overview and Level Annotations

Branches:
Dungeon (14/15)            Temple (1/1) D:5            Lair (6/6) D:11
 Shoals (0/4) Lair:2       Spider (0/4) Lair:3        Slime (0/5) Lair:5
    Orc (2/2) D:12            Elf (0/3) Orc:2        Vaults (0/5) D:13

Altars:
Ashenzari
Cheibriados
Dithmenos
Elyvilon
Fedhas
Gozag
Hepliaklqana
Kikubaaqudgha
Makhleb
Nemelex Xobeh
Okawaru
Qazlal
Ru
Sif Muna
Trog
Uskayaw
Vehumet
Wu Jian
Xom
Yredelemnul
Zin
The Shining One
Beogh
Jiyva

Shops:
Orc:2 }*[([%

Annotations:
D:7 3 runed doors, sking99's ghost, novice MiFi
Lair:2 1 runed door, exclusion: oklob plant, ThisFiasco's ghost, journeyman TrMo
Lair:5 exclusion: oklob plant


Innate Abilities, Weirdness & Mutations

You have a pair of large horns on your head.
You are mostly covered in molten scales. (AC +3)
You are slightly more attuned to the shadows.
You sometimes gain power by taking damage.


Message History

The meliai mumbles some strange prayers to its god against you.
Something smites you! The meliai hits you but does no damage.
The meliai stings you but does no damage.
You block the meliai's attack. The meliai barely misses you.
You block the meliai's attack. The meliai closely misses you.
The meliai calls down the wrath of its god upon you.
Something smites you! You block the meliai's attack.
The meliai stings you but does no damage.
The meliai mumbles some strange prayers to its god against you.
Something smites you!
* * * LOW HITPOINT WARNING * * *
You focus on the pain.
You feel more agile all of a sudden.
The meliai invokes the aid of its god against you.
Something smites you!
* * * LOW HITPOINT WARNING * * *
The meliai calls down the wrath of its god upon you.
Something smites you!
You die...
Your body crumbles into a pile of gold.

.............K..........
..#........(K.......#...
...#......KK≈≈≈≈........
....#...#K≈≈≈≈≈≈≈........
#........≈K≈≈≈≈≈≈≈....#.#.
.........K≈≈≈≈≈≈≈≈≈......#..
.........≈yy≈≈≈≈≈≈≈.........
..........T≈y..≈≈≈≈..#.....#
...........≈.@..≈....#....##
#.........#.....≈..........#
...#.......................#
........#........##.#.##..#
................######.#.##
................. ##.....#
.................####...#.##
....................#....###
........................##


You could see a troll, 3 meliai and 5 kobolds.

Vanquished Creatures
  Gastronok (D:10)
  Kirke (D:13)
  A frost giant (IceCv)
  An orc warlord (Orc:1)
  Snorg (Lair:4)
  Josephine (D:12)
  2 ogre magi (D:13)
  5 hydras
  An ice dragon (Lair:6)
  An anaconda (Lair:6)
  2 centaur warriors (D:13)
  Erica (D:8)
  9 two-headed ogres
  Urug (D:11)
  8 death yaks
  Sonja (Lair:1)
  An unseen horror (shapeshifter) (D:13)
  Pikel (D:6)
  2 orc knights (Orc:2)
  2 lindwurms (Lair:6)
  3 deep elf magi (D:12)
  An ugly thing (D:13)
  2 orc sorcerers (Orc:1)
  2 cyclopes
  2 manticores
  12 elephants
  An ice statue (IceCv)
  2 centaur skeletons
  6 black mambas
  A gargoyle (D:10)
  5 torpor snails (Lair:6)
  10 spiny frogs
  A rime drake (Lair:3)
  4 komodo dragons
  A kobold demonologist (D:13)
  24 polar bears
  8 hornets
  9 trolls
  18 blink frogs
  3 tyrant leeches (Lair:6)
  2 raiju (Lair:6)
  Grinder (D:3)
  8 dream sheep
  6 hippogriffs
  2 wyverns
  3 hogs (D:13)
  4 wraiths (D:12)
  53 yaks
  Grum (D:10)
  4 vampire mosquitoes (D:12)
  5 wargs
  19 water moccasins
  15 hell hounds (Lair:6)
  13 porcupines
  35 orc warriors
  A sky beast (D:13)
  3 ice beasts
  An eye of draining (shapeshifter) (D:13)
  12 black bears
  28 wolves
  A phantom (D:7)
  A necrophage (D:11)
  A black bear (shapeshifter) (D:13)
  15 ogres
  15 crocodiles
  11 centaurs
  5 big kobolds
  A wyvern zombie (Ossuary)
  18 bullfrogs
  A wyvern skeleton (D:11)
  10 scorpions
  5 wights
  An electric eel (D:14)
  3 crimson imps
  2 howler monkeys
  3 quasits
  3 hounds
  2 bullfrog zombies
  2 centaur zombies (Ossuary)
  25 orc wizards
  7 orc priests
  3 bullfrog skeletons
  2 jellies
  Crazy Yiuf (D:5)
  4 iguanas
  17 worker ants
  A killer bee zombie (Ossuary)
  2 hound zombies (Ossuary)
  2 hound skeletons
  17 mummies
  A howler monkey zombie (Ossuary)
  2 worker ant zombies (Ossuary)
  14 adders
  A gnoll (D:3)
  A river rat (D:3)
  A shadow imp (D:8)
  An ooze (D:1)
  3 adder zombies (Ossuary)
  An adder skeleton (D:7)
  5 worms
  A dart slug (D:1)
  2 leopard geckos
  84 orcs
  8 ball pythons
  5 giant cockroaches
  14 goblins
  10 hobgoblins
  18 jackals
  32 kobolds
  4 quokkas
  A ball python zombie (Ossuary)
  7 bats
  5 frilled lizards
  2 giant cockroach zombies (Ossuary)
  A goblin zombie (D:4)
  A hobgoblin zombie (D:4)
  A jackal skeleton (D:7)
  A leopard gecko skeleton (D:3)
  2 leopard gecko zombies
  3 quokka zombies (Ossuary)
  35 rats
  5 plants
827 creatures vanquished.

Vanquished Creatures (others)
  A big kobold (D:8)
  A jelly (D:6)
  An orc priest (D:6)
  3 orcs (D:6)
  A kobold (D:12)
  11 fungi
  16 plants
  A withered plant (Ossuary)
35 creatures vanquished.

Grand Total: 862 creatures vanquished

Notes
Turn   | Place    | Note
-------+----------+-------------------------------------------
     0 | D:1      | sking99 the Demonspawn Fighter began the quest for the Orb.
     0 | D:1      | Reached XP level 1. HP: 18/18 MP: 1/1
    97 | D:1      | Reached skill level 2 in Maces & Flails
   172 | D:1      | Gained mutation: You are partially covered in molten scales. (AC +2) [demonic ancestry]
   172 | D:1      | Reached XP level 2. HP: 22/24 MP: 2/2
   592 | D:1      | Gained mutation: You sometimes gain a little power by taking damage. [demonic ancestry]
   592 | D:1      | Reached XP level 3. HP: 29/29 MP: 3/3
  1216 | D:2      | Reached skill level 3 in Maces & Flails
  1271 | D:2      | Gained mutation: You have a pair of small horns on your head. [demonic ancestry]
  1271 | D:2      | Reached XP level 4. HP: 31/35 MP: 4/4
  2249 | D:3      | Reached XP level 5. HP: 28/42 MP: 5/5
  2463 | D:3      | Reached skill level 4 in Maces & Flails
  2466 | D:3      | Found a glowing drain.
  2515 | Sewer    | Entered a sewer
  2685 | Sewer    | Reached XP level 6. HP: 34/48 MP: 6/6
  4065 | D:3      | Reached skill level 5 in Maces & Flails
  4133 | D:3      | Gained mutation: You have a pair of horns on your head. [demonic ancestry]
  4133 | D:3      | Reached XP level 7. HP: 45/55 MP: 7/7
  4353 | D:3      | Noticed Grinder
  4356 | D:3      | Paralysed by Grinder for 4 turns
  4364 | D:3      | Paralysed by Grinder for 3 turns
  4371 | D:3      | Killed Grinder
  4371 | D:3      | Reached skill level 5 in Fighting
  4745 | D:4      | Found a sand-covered staircase.
  4760 | Ossuary  | Entered an ossuary
  5113 | Ossuary  | Reached skill level 6 in Maces & Flails
  5131 | Ossuary  | Reached skill level 5 in Shields
  5141 | Ossuary  | Reached XP level 8. HP: 23/63 MP: 8/8
  6331 | D:5      | Entered Level 5 of the Dungeon
  6675 | D:5      | Reached skill level 7 in Maces & Flails
  6677 | D:5      | Found a staircase to the Ecumenical Temple.
  6686 | Temple   | Entered the Ecumenical Temple
  6755 | Temple   | Became a worshipper of Gozag Ym Sagoz the Greedy
  7230 | D:5      | Found a runed door.
  7406 | D:5      | Noticed Crazy Yiuf
  7410 | D:5      | Killed Crazy Yiuf
  7913 | D:6      | Noticed Pikel
  7936 | D:6      | Killed Pikel
  7936 | D:6      | Reached skill level 8 in Maces & Flails
  7936 | D:6      | Reached XP level 9. HP: 60/71 MP: 9/9
  8160 | D:6      | Found a shadowy altar of Dithmenos.
  9486 | D:7      | Reached skill level 9 in Maces & Flails
  9615 | D:7      | Found a runed gate.
  9616 | D:7      | Found a runed gate.
  9617 | D:7      | Found a runed gate.
  9622 | D:7      | Noticed sking99's ghost (novice MiFi)
  9624 | D:7      | Found a roughly hewn altar of Beogh.
 10543 | D:7      | Found a shadowy altar of Dithmenos.
 10580 | D:8      | Noticed Erica
 10612 | D:8      | Killed Erica
 10612 | D:8      | Gained mutation: You have a pair of large horns on your head. [demonic ancestry]
 10612 | D:8      | Reached XP level 10. HP: 39/80 MP: 10/10
 11197 | D:8      | Noticed a two-headed ogre
 11202 | D:8      | Killed a two-headed ogre
 11202 | D:8      | Reached skill level 10 in Maces & Flails
 12260 | D:9      | Noticed a two-headed ogre
 12270 | D:9      | Killed a two-headed ogre
 12755 | D:10     | Entered Level 10 of the Dungeon
 12758 | D:10     | Noticed Gastronok
 12771 | D:10     | Noticed a gargoyle
 13028 | D:10     | Killed a gargoyle
 13469 | D:10     | Killed Gastronok
 13469 | D:10     | Reached skill level 11 in Maces & Flails
 13469 | D:10     | Reached XP level 11. HP: 43/89 MP: 11/11
 14567 | D:11     | Noticed Grum
 14753 | D:10     | Killed Grum
 15466 | D:11     | Noticed an eight-headed hydra
 15520 | D:11     | Found a staircase to the Lair.
 15600 | Lair:1   | Entered Level 1 of the Lair of Beasts
 16034 | Lair:1   | Noticed Sonja
 16044 | Lair:1   | Killed Sonja
 16044 | Lair:1   | Reached skill level 12 in Maces & Flails
 16613 | Lair:1   | Reached skill level 10 in Fighting
 17736 | Lair:2   | Found a staircase to the Shoals.
 17816 | Lair:2   | Gained mutation: You sometimes gain power by taking damage. [demonic ancestry]
 17816 | Lair:2   | Reached XP level 12. HP: 84/97 MP: 12/12
 17826 | Lair:2   | Noticed a six-headed hydra
 17845 | Lair:2   | Killed a six-headed hydra
 18326 | Lair:2   | Reached skill level 13 in Maces & Flails
 18470 | Lair:2   | HP: 4/97 [black mamba (12)]
 18855 | Lair:2   | Reached skill level 10 in Shields
 19341 | Lair:2   | Reached skill level 5 in Armour
 19447 | Lair:2   | Found a runed door.
 19447 | Lair:2   | Found a shimmering altar of Xom.
 19447 | Lair:2   | Noticed ThisFiasco's ghost (journeyman TrMo)
 21569 | Lair:3   | Found a hole to the Spider Nest.
 21908 | Lair:3   | Reached skill level 14 in Maces & Flails
 22327 | Lair:4   | Gained mutation: You are slightly more attuned to the shadows. [demonic ancestry]
 22327 | Lair:4   | Reached XP level 13. HP: 99/103 MP: 13/13
 22894 | Lair:4   | Found a shattered altar of Ashenzari.
 22905 | Lair:4   | Noticed Snorg
 22914 | Lair:4   | Killed Snorg
 23790 | Lair:5   | Found a staircase to the Slime Pits.
 23816 | Lair:5   | Found a viscous altar of Jiyva.
 24872 | Lair:5   | Found a blossoming altar of Fedhas.
 25086 | Lair:6   | Entered Level 6 of the Lair of Beasts
 25194 | Lair:6   | Reached skill level 15 in Maces & Flails
 25922 | Lair:6   | Reached XP level 14. HP: 73/110 MP: 14/14
 27238 | Lair:6   | Found a runed door.
 28010 | D:11     | Noticed Urug
 28027 | D:11     | Killed Urug
 28027 | D:11     | Reached skill level 16 in Maces & Flails
 28199 | D:11     | Reached skill level 1 in Evocations
 28517 | D:12     | Found a deep blue altar of Sif Muna.
 28953 | D:12     | Found a staircase to the Orcish Mines.
 29160 | Orc:1    | Entered Level 1 of the Orcish Mines
 29171 | Orc:1    | Noticed Josephine
 29197 | D:12     | Killed Josephine
 29543 | Orc:1    | Noticed an orc warlord
 29561 | Orc:1    | Killed an orc warlord
 29981 | Orc:2    | Entered Level 2 of the Orcish Mines
 29981 | Orc:2    | Found Esmaiss's Gadget Shop.
 30057 | Orc:2    | Found a staircase to the Elven Halls.
 30209 | Orc:2    | Found a frozen archway.
 30223 | IceCv    | Entered an ice cave
 30519 | IceCv    | Gained mutation: You are mostly covered in molten scales. (AC +3) [demonic ancestry]
 30519 | IceCv    | Reached XP level 15. HP: 74/115 MP: 18/18
 30701 | IceCv    | Reached skill level 10 in Armour
 30702 | IceCv    | Reached skill level 5 in Evocations
 30728 | IceCv    | Noticed a frost giant
 30744 | IceCv    | Killed a frost giant
 31877 | Orc:2    | Found Usoichye's Weapon Shoppe.
 31877 | Orc:2    | Found Keman's Armour Boutique.
 31878 | Orc:2    | Found Mollommi's Food Shop.
 31880 | Orc:2    | Found Zoqaf's Assorted Antiques.
 32041 | Orc:2    | Bought the +13 crystal plate armour of Untruth {MR+ Dex+2 Slay+3} for 2329 gold pieces
 32370 | D:13     | Reached skill level 1 in Dodging
 32758 | D:13     | Found a gate to the Vaults.
 33161 | D:13     | Noticed Kirke
 33182 | D:13     | Killed Kirke
 33477 | D:14     | Killed from afar by a meliai

Vault maps used:
D:1:      roderic_crop_circles_arrival_small
D:3:      minmay_door_path, portal_sewer_entry_b, uniq_grinder
D:4:      nicolae_ossuary_entry_giza
D:5:      temple_hall, first_ration, uniq_crazy_yiuf_cottage
D:6:      basic_altar, uniq_pikel
D:7:      grunt_dithmenos_shadows, biasface_ghost_orc_armoury
D:8:      uniq_erica
D:10:     uniq_gastronok
D:11:     grunt_lair_entry_orc_guard_hut, hangedman_ranch,
          nicolae_twisting_strands, grunt_decor_mini_mirrors, uniq_urug,
          uniq_grum
D:12:     basic_altar, lemuel_old_faithful
D:13:     david_vaults_2, uniq_kirke
D:14:     infiniplex_staircase_pool
Temple:   dpeg_three_leaves_temple
Lair:1:   nicolae_quartered_pool_super, zaba_anthole, uniq_sonja
Lair:2:   elwin_shoals_entry_rocks, ebering_ghost_xom,
          grunt_forest_stairs_basic, beast_lair_carwin_1,
          minmay_lair_oklob_chamber, grunt_megastairs_3, lemuel_fruit_tree
Lair:3:   nicolae_spider_entry_non_spiders
Lair:4:   basic_altar, uniq_snorg
Lair:5:   slime_altar_1, tgw_fedhas
Lair:6:   hangedman_lair_caniforms_friends, wormcave, serial_bayou_crossing,
          grunt_megastairs_2
Orc:1:    bloody_makhleb, uniq_josephine
Orc:2:    st_orc_rangers, serial_shops, nicolae_shop_statue_plus,
          portal_ice_cave_entry_pillars_2
Sewer:    sewer_minmay_treatment
Ossuary:  ossuary_zaba_flooded
IceCv:    ice_cave_small_giant

Skill      XL: |  1  2  3  4  5  6  7  8  9 10 11 12 13 14 15 |
---------------+----------------------------------------------+-----
Maces & Flails | 2 3 4 5 6 8 9 11 12 14 15 16 | 16.0
Shields        | 3 4 5 6 7 8 9 10 11 12 13 | 13.4
Fighting       | 4 5 6 8 9 10 | 10.0
Armour         | 3 6 8 9 10 | 10.2
Evocations     | 4 7 |  7.0
Dodging        | 3 |  3.4

Action                   |  1- 3 |  4- 6 |  7- 9 | 10-12 | 13-15 || total
-------------------------+-------+-------+-------+-------+-------++-------
Melee: Flail             |   191 |   352 |   516 |   180 |       ||  1239
       Headbutt          |       |    61 |    91 |   211 |   521 ||   884
       Morningstar       |       |       |       |   665 |  1729 ||  2394
Invok: Potion Petition   |       |       |     1 |     3 |     6 ||    10
       Call Merchant     |       |       |       |       |     1 ||     1
Evoke: Wand              |       |       |       |     5 |     4 ||     9
  Use: Scroll            |     1 |     3 |    13 |     7 |     7 ||    31
       Potion            |     1 |     1 |     4 |    15 |     5 ||    26
 Stab: Paralysed         |       |       |       |     3 |     4 ||     7
       Distracted        |       |       |       |     4 |    11 ||    15
       Invisible         |       |       |       |     2 |       ||     2
  Eat: Chunk             |     1 |    11 |    14 |       |       ||    26
       Ration            |       |       |     2 |    12 |    11 ||    25
Armor: Scale mail        |    74 |   173 |    40 |       |       ||   287
       Chain mail        |       |       |   121 |    69 |       ||   190
       Plate armour      |       |       |       |   218 |   635 ||   853
       Skin              |       |       |       |       |    10 ||    10
       Crystal plate arm |       |       |       |       |   103 ||   103
Dodge: Dodged            |    33 |   109 |    80 |   140 |   303 ||   665
Block: Shield            |    64 |   176 |   207 |   440 |  1130 ||  2017

Table legend:
 A = Spawn XP
 B = Non-spawn XP
 C = Spawn XP percentage of total XP
 D = Spawn monster count
 E = Non-spawn monster count
 F = Spawn count percentage of total count
 G = Total turns spent on level
                    A         B        C        D         E        F      G
               +---------+---------+-------+---------+---------+-------+---------
         Total |       0 |  131422 |   0.0 |       0 |     822 |   0.0 | 33477
               +---------+---------+-------+---------+---------+-------+---------
           D:1 |       0 |      54 |   0.0 |       0 |      29 |   0.0 |  1205
           D:2 |       0 |     119 |   0.0 |       0 |      28 |   0.0 |  1395
           D:3 |       0 |     667 |   0.0 |       0 |      53 |   0.0 |  1350
           D:4 |       0 |     125 |   0.0 |       0 |      11 |   0.0 |   410
           D:5 |       0 |     377 |   0.0 |       0 |      16 |   0.0 |  1061
           D:6 |       0 |    1610 |   0.0 |       0 |      30 |   0.0 |  1654
           D:7 |       0 |    1435 |   0.0 |       0 |      27 |   0.0 |  1639
           D:8 |       0 |    2594 |   0.0 |       0 |      22 |   0.0 |   968
           D:9 |       0 |    1193 |   0.0 |       0 |       9 |   0.0 |  1131
          D:10 |       0 |    4689 |   0.0 |       0 |      20 |   0.0 |  1936
          D:11 |       0 |    6733 |   0.0 |       0 |      32 |   0.0 |  1339
          D:12 |       0 |    7582 |   0.0 |       0 |      43 |   0.0 |  1090
          D:13 |       0 |   16736 |   0.0 |       0 |      45 |   0.0 |  1207
          D:14 |       0 |     587 |   0.0 |       0 |       2 |   0.0 |   142
        Lair:1 |       0 |    4957 |   0.0 |       0 |      25 |   0.0 |  2086
        Lair:2 |       0 |    9674 |   0.0 |       0 |      37 |   0.0 |  2625
        Lair:3 |       0 |    6912 |   0.0 |       0 |      33 |   0.0 |  2167
        Lair:4 |       0 |   12889 |   0.0 |       0 |      40 |   0.0 |  1795
        Lair:5 |       0 |    3574 |   0.0 |       0 |      13 |   0.0 |   976
        Lair:6 |       0 |   27066 |   0.0 |       0 |     104 |   0.0 |  2697
         Orc:1 |       0 |    4657 |   0.0 |       0 |      16 |   0.0 |   426
         Orc:2 |       0 |    6579 |   0.0 |       0 |      67 |   0.0 |  1229
         Sewer |       0 |     188 |   0.0 |       0 |      48 |   0.0 |   770
       Ossuary |       0 |     769 |   0.0 |       0 |      36 |   0.0 |  1201
         IceCv |       0 |    9656 |   0.0 |       0 |      36 |   0.0 |   896
               +---------+---------+-------+---------+---------+-------+---------
